CAL
LANCASTER JETHAWKS @ STOCKTON PORTS
08/19/2098
 
TOP OF THE 1ST
Lancaster JetHawks batting - Pitching for Stockton Ports : RHP Bob Love
Pitching: RHP Bob Love
Batting: RHB Nate McKean 0-0: Foul Ball, location: 25F
0-1: Fly out, F8 (Line Drive, 8RM, EV 93.1 MPH)
Batting: RHB Gary Wilson 0-0: Called Strike
0-1: Ball
1-1: Ball
2-1: Foul Ball, location: 9LMF
2-2: SINGLE (Groundball, 6MD, EV 96.9 MPH)
Batting: LHB Marc Helms 0-0: Foul Ball, location: 23FF
0-1: Ball
1-1: Fly out, F8 (Line Drive, 8LM, EV 94.4 MPH)
Batting: LHB Jesse Boal 0-0: Ball
1-0: Foul Ball, location: 5F
1-1: Ball
2-1: Ground out 4-3 (Groundball, 4D, EV 98.8 MPH)
Top of the 1st over - 0 runs, 1 hit, 0 errors, 1 left on base; Lancaster 0 - Stockton 0
BOTTOM OF THE 1ST
Stockton Ports batting - Pitching for Lancaster JetHawks : RHP Caleb Priest
Pitching: RHP Caleb Priest
Batting: LHB Phil Stuart 0-0: Ball
1-0: Called Strike
1-1: Ball
2-1: Swinging Strike
2-2: Ball
3-2: Foul Ball, location: 7LSF
3-2: Strikes out swinging
Batting: RHB Steve Groh 0-0: Called Strike
0-1: Foul Ball, location: 2F
0-2: Ball
1-2: Foul Ball, location: 25FF
1-2: Strikes out swinging
Batting: RHB Mike Gohring 0-0: Called Strike
0-1: Foul Ball, location: 25FF
0-2: Strikes out swinging
Bottom of the 1st over - 0 runs, 0 hits, 0 errors, 0 left on base; Lancaster 0 - Stockton 0
TOP OF THE 2ND
Lancaster JetHawks batting - Pitching for Stockton Ports : RHP Bob Love
Batting: RHB Matt Freeman 0-0: Swinging Strike
0-1: Ball
1-1: Foul Ball, location: 2F
1-2: Strikes out looking
Batting: RHB Oscar Garza 0-0: Fly out, F9 (Flyball, 9, EV 91.3 MPH)
Batting: RHB David Warren 0-0: Called Strike
0-1: Ball
1-1: Called Strike
1-2: Ball
2-2: Ball
3-2: Strikes out looking
Top of the 2nd over - 0 runs, 0 hits, 0 errors, 0 left on base; Lancaster 0 - Stockton 0
BOTTOM OF THE 2ND
Stockton Ports batting - Pitching for Lancaster JetHawks : RHP Caleb Priest
Batting: RHB Chris Bell 0-0: Called Strike
0-1: Ball
1-1: SINGLE (Groundball, 6MD, EV 109.4 MPH)
Batting: LHB Matt Wiley 0-0: SINGLE (Line Drive, 34D, EV 95.0 MPH)
Chris Bell to second
Batting: LHB Juan Martinez 0-0: Ball
1-0: Swinging Strike
1-1: Ball
2-1: Grounds into double play, 6-4-3 (Groundball, 6M, EV 91.9 MPH)
Chris Bell to third
Batting: RHB Wyatt Hepworth 0-0: Ball
1-0: Foul Ball, location: 2LF
1-1: Called Strike
1-2: Foul Ball, location: 5FF
1-2: Strikes out swinging
Bottom of the 2nd over - 0 runs, 2 hits, 0 errors, 1 left on base; Lancaster 0 - Stockton 0
TOP OF THE 3RD
Lancaster JetHawks batting - Pitching for Stockton Ports : RHP Bob Love
Batting: RHB Fernando Soliz 0-0: Ground out 5-3 (Groundball, 56S, EV 86.3 MPH)
Batting: RHB Chad Poppenberg 0-0: Foul Ball, location: 2F
0-1: Foul Ball, location: 2F
0-2: Strikes out looking
Batting: RHB Nate McKean 0-0: Ground out 6-3 (Groundball, 6, EV 85.0 MPH)
Top of the 3rd over - 0 runs, 0 hits, 0 errors, 0 left on base; Lancaster 0 - Stockton 0
BOTTOM OF THE 3RD
Stockton Ports batting - Pitching for Lancaster JetHawks : RHP Caleb Priest
Batting: RHB Kevin Paquette 0-0: Ball
1-0: Foul Ball, location: 2F
1-1: Ball
2-1: Called Strike
2-2: Strikes out swinging
Batting: RHB Morgan Woodruff 0-0: Ball
1-0: Ball
2-0: Foul Ball, location: 2F
2-1: Foul Ball, location: 2F
2-2: Strikes out swinging
Batting: LHB Phil Stuart 0-0: Ball
1-0: Ball
2-0: Swinging Strike
2-1: Ball
3-1: SINGLE (Line Drive, 7LS, EV 90.6 MPH)
Batting: RHB Steve Groh 0-0: Ball
1-0: Swinging Strike
1-1: Foul Ball, location: 9LDF
1-2: Ball
2-2: Ball
3-2: Base on Balls
Phil Stuart to second
Batting: RHB Mike Gohring 0-0: Ball
1-0: Called Strike
1-1: SINGLE (Groundball, 34S, EV 66.9 MPH) (infield hit)
Phil Stuart to third
Steve Groh to second
Batting: RHB Chris Bell 0-0: Ball
1-0: GRAND SLAM HOME RUN (Flyball, 8RXD, EV 106.9 MPH), Distance : 437 ft
Batting: LHB Matt Wiley 0-0: SINGLE (Groundball, 6M, EV 86.3 MPH)
Batting: LHB Juan Martinez 0-0: Ball
1-0: Ground out U3 (Groundball, 3, EV 82.5 MPH)
Bottom of the 3rd over - 4 runs, 4 hits, 0 errors, 1 left on base; Lancaster 0 - Stockton 4
TOP OF THE 4TH
Lancaster JetHawks batting - Pitching for Stockton Ports : RHP Bob Love
Batting: RHB Gary Wilson 0-0: Ball
1-0: Ball
2-0: Called Strike
2-1: Foul Ball, location: 2F
2-2: Ball
3-2: Foul Ball, location: 2F
3-2: SINGLE (Groundball, 6M, EV 79.4 MPH)
Batting: LHB Marc Helms 0-0: Ball
1-0: Called Strike
1-1: Foul Ball, location: 7LSF
1-2: Ball
2-2: Ball
3-2: Foul Ball, location: 3SF
3-2: DOUBLE (Line Drive, 9LS, EV 103.1 MPH)
Gary Wilson to third
Runner from 3rd tries for Home, SAFE, throw by RF to home
Batting: LHB Jesse Boal 0-0: Ball
1-0: Ball
2-0: Swinging Strike
2-1: Swinging Strike
2-2: Foul Ball, location: 2F
2-2: Ground out U3 (Groundball, 3, EV 108.8 MPH)
Marc Helms to third
Batting: RHB Matt Freeman 0-0: Foul Ball, location: 5DF
0-1: Ball
1-1: Ground out 6-3 (Groundball, 6, EV 88.8 MPH)
Marc Helms scores
Batting: RHB Oscar Garza 0-0: Ball
1-0: Foul Ball, location: 3DF
1-1: SINGLE (Groundball, 56D, EV 94.4 MPH)
Batting: RHB David Warren 0-0: Called Strike
0-1: Ball
1-1: Ball
2-1: Fielders Choice at 2nd, 5-4 (Groundball, 56, EV 84.4 MPH)
Top of the 4th over - 2 runs, 3 hits, 0 errors, 1 left on base; Lancaster 2 - Stockton 4
BOTTOM OF THE 4TH
Stockton Ports batting - Pitching for Lancaster JetHawks : RHP Caleb Priest
Batting: RHB Wyatt Hepworth 0-0: Ball
1-0: Swinging Strike
1-1: Ball
2-1: Foul Ball, location: 9LDF
2-2: Strikes out swinging
Batting: RHB Kevin Paquette 0-0: Foul Ball, location: 25F
0-1: Foul Ball, location: 9LMF
0-2: SINGLE (Line Drive, 89M, EV 90.0 MPH)
Batting: RHB Morgan Woodruff 0-0: Ball
1-0: Ball
2-0: Foul Ball, location: 2F
2-1: Grounds into double play, 4-6-3 (Groundball, 4, EV 86.3 MPH)
Bottom of the 4th over - 0 runs, 1 hit, 0 errors, 0 left on base; Lancaster 2 - Stockton 4
TOP OF THE 5TH
Lancaster JetHawks batting - Pitching for Stockton Ports : RHP Bob Love
Batting: RHB Fernando Soliz 0-0: Ball
1-0: Called Strike
1-1: Ground out 6-3 (Groundball, 6, EV 84.4 MPH)
Batting: RHB Chad Poppenberg 0-0: Foul Ball, location: 2F
0-1: Called Strike
0-2: Strikes out looking
Batting: RHB Nate McKean 0-0: Ball
1-0: Ball
2-0: Called Strike
2-1: Foul Ball, location: 5DF
2-2: Ball
3-2: Strikes out swinging
Top of the 5th over - 0 runs, 0 hits, 0 errors, 0 left on base; Lancaster 2 - Stockton 4
BOTTOM OF THE 5TH
Stockton Ports batting - Pitching for Lancaster JetHawks : RHP Caleb Priest
Batting: LHB Phil Stuart 0-0: Ball
1-0: Foul Ball, location: 23F
1-1: Ball
2-1: Ground out 6-3 (Groundball, 6, EV 91.9 MPH)
Batting: RHB Steve Groh 0-0: Ball
1-0: Called Strike
1-1: Ball
2-1: Called Strike
2-2: Fly out, F5 (Popup, 5F, EV 79.4 MPH)
Batting: RHB Mike Gohring 0-0: SOLO HOME RUN (Flyball, 7D, EV 96.9 MPH), Distance : 356 ft
Pitching: RHP Walt McGinn
Batting: RHB Chris Bell 0-0: Ball
1-0: Foul Ball, location: 3DF
1-1: Called Strike
1-2: Foul Ball, location: 2F
1-2: Ground out 4-3 (Groundball, 34D, EV 103.1 MPH)
Bottom of the 5th over - 1 run, 1 hit, 0 errors, 0 left on base; Lancaster 2 - Stockton 5
TOP OF THE 6TH
Lancaster JetHawks batting - Pitching for Stockton Ports : RHP Bob Love
Batting: RHB Gary Wilson 0-0: Ball
1-0: Ball
2-0: Foul Ball, location: 2F
2-1: Foul Ball, location: 2F
2-2: Strikes out looking
Batting: LHB Marc Helms 0-0: Swinging Strike
0-1: Ball
1-1: Fly out, F8 (Flyball, 89D, EV 94.4 MPH)
Batting: LHB Jesse Boal 0-0: Ball
1-0: DOUBLE (Line Drive, 5D, EV 96.3 MPH)
Batting: RHB Matt Freeman 0-0: Ball
1-0: Ball
2-0: Ball
3-0: Called Strike
3-1: Base on Balls
Pitching: LHP Alex Ponce
Batting: RHB Oscar Garza 0-0: Ball
1-0: Swinging Strike
1-1: Foul Ball, location: 9LSF
1-2: Foul Ball, location: 2F
1-2: Foul Ball, location: 3SF
1-2: Foul Ball, location: 2F
1-2: Foul Ball, location: 2F
1-2: Ball
2-2: SINGLE (Line Drive, 56D, EV 100.0 MPH)
Jesse Boal to third
Matt Freeman to second
Runner from 3rd tries for Home, SAFE, throw by LF to home
Batting: RHB David Warren 0-0: Called Strike
0-1: Ball
1-1: Ball
2-1: Foul Ball, location: 25F
2-2: Ground out U3 (Groundball, 34S, EV 89.4 MPH)
Top of the 6th over - 1 run, 2 hits, 0 errors, 2 left on base; Lancaster 3 - Stockton 5
BOTTOM OF THE 6TH
Stockton Ports batting - Pitching for Lancaster JetHawks : RHP Walt McGinn
Batting: LHB Matt Wiley 0-0: Called Strike
0-1: Ball
1-1: Ball
2-1: Ball
3-1: SINGLE (Groundball, P, EV 81.9 MPH) (infield hit)
Batting: LHB Juan Martinez 0-0: Called Strike
0-1: Foul Ball, location: 5SF
0-2: Ball
1-2: Foul Ball, location: 2F
1-2: SINGLE (Groundball, 6MD, EV 96.3 MPH)
Matt Wiley to second
Batting: RHB Wyatt Hepworth 0-0: Called Strike
0-1: Ball
1-1: Grounds into double play, 1-4-3 (Groundball, 15S, EV 68.1 MPH)
Matt Wiley to third
Batting: RHB Kevin Paquette 0-0: Ball
1-0: Ball
2-0: Ground out 1-3 (Groundball, 15S, EV 60.6 MPH)
Bottom of the 6th over - 0 runs, 2 hits, 0 errors, 1 left on base; Lancaster 3 - Stockton 5
TOP OF THE 7TH
Lancaster JetHawks batting - Pitching for Stockton Ports : LHP Alex Ponce
Batting: RHB Fernando Soliz 0-0: Ball
1-0: Swinging Strike
1-1: Foul Ball, location: 25F
1-2: Ball
2-2: Ground out 5-3 (Groundball, 56, EV 103.1 MPH)
Batting: RHB Chad Poppenberg 0-0: Ball
1-0: Fly out, F4 (Popup, 4M, EV 70.0 MPH)
Batting: RHB Nate McKean 0-0: Called Strike
0-1: TRIPLE (Flyball, 89XD, EV 105.6 MPH)
Batting: RHB Gary Wilson 0-0: Ball
1-0: Called Strike
1-1: Ball
2-1: Foul Ball, location: 2F
2-2: Fly out, F3 (Line Drive, 3, EV 71.3 MPH)
Top of the 7th over - 0 runs, 1 hit, 0 errors, 1 left on base; Lancaster 3 - Stockton 5
BOTTOM OF THE 7TH
Stockton Ports batting - Pitching for Lancaster JetHawks : RHP Walt McGinn
Batting: RHB Morgan Woodruff 0-0: Ball
1-0: Ground out 5-3 (Groundball, 56S, EV 77.5 MPH)
Batting: LHB Phil Stuart 0-0: DOUBLE (Flyball, 89XD, EV 103.1 MPH)
Batting: RHB Steve Groh 0-0: Ball
1-0: Called Strike
1-1: Ball
2-1: Foul Ball, location: 3F
2-2: Ball
3-2: Base on Balls
Batting: RHB Mike Gohring 0-0: Grounds into double play, 6-4-3 (Groundball, 6, EV 86.3 MPH)
Bottom of the 7th over - 0 runs, 1 hit, 0 errors, 1 left on base; Lancaster 3 - Stockton 5
TOP OF THE 8TH
Lancaster JetHawks batting - Pitching for Stockton Ports : LHP Alex Ponce
Pitching: RHP Steve Mitchell
Batting: LHB Marc Helms 0-0: Called Strike
0-1: Ball
1-1: Foul Ball, location: 2F
1-2: Foul Ball, location: 25FF
1-2: Fly out, F8 (Line Drive, 8LD, EV 97.5 MPH)
Batting: LHB Jesse Boal 0-0: Ball
1-0: Fly out, F7 (Flyball, 78D, EV 105.6 MPH)
Batting: RHB Matt Freeman 0-0: Ball
1-0: Swinging Strike
1-1: Ball
2-1: Foul Ball, location: 2F
2-2: Strikes out swinging
Top of the 8th over - 0 runs, 0 hits, 0 errors, 0 left on base; Lancaster 3 - Stockton 5
BOTTOM OF THE 8TH
Stockton Ports batting - Pitching for Lancaster JetHawks : RHP Walt McGinn
Pitching: LHP Ben Montgomery
Batting: RHB Chris Bell 0-0: Ball
1-0: Ball
2-0: Called Strike
2-1: Foul Ball, location: 7LMF
2-2: Ball
3-2: Ground out 1-3 (Groundball, P, EV 68.1 MPH)
Batting: LHB Matt Wiley 0-0: Foul Ball, location: 7LSF
0-1: Ground out 1-3 (Groundball, 13S, EV 71.3 MPH)
Batting: LHB Juan Martinez 0-0: Ball
1-0: Foul Ball, location: 3F
1-1: Foul Ball, location: 2F
1-2: Ground out 4-3 (Groundball, 4M, EV 89.4 MPH)
Bottom of the 8th over - 0 runs, 0 hits, 0 errors, 0 left on base; Lancaster 3 - Stockton 5
TOP OF THE 9TH
Lancaster JetHawks batting - Pitching for Stockton Ports : RHP Steve Mitchell
Now at 1B: Billy Mills
Batting: RHB Oscar Garza 0-0: Ball
1-0: Ball
2-0: Called Strike
2-1: Foul Ball, location: 7LMF
2-2: Foul Ball, location: 25FF
2-2: Foul Ball, location: 3SF
2-2: Ball
3-2: SINGLE (Groundball, 6M, EV 96.3 MPH) (infield hit)
Batting: RHB David Warren 0-0: Foul Ball, location: 9LDF
0-1: Ball
1-1: Called Strike
1-2: Ball
2-2: Foul Ball, location: 2F
2-2: Ball
3-2: Foul Ball, location: 2F
3-2: Base on Balls
Oscar Garza to second
Batting: RHB Fernando Soliz 0-0: Fly out, F7 (Line Drive, 78M, EV 92.5 MPH)
Batting: RHB Chad Poppenberg 0-0: Swinging Strike
0-1: Swinging Strike
0-2: Foul Ball, location: 9LMF
0-2: Ball
1-2: Ball
2-2: Ball
3-2: Fly out, F7 (Flyball, 7LM, EV 95.0 MPH)
Batting: RHB Nate McKean 0-0: Ball
1-0: Fielders Choice at 2nd, 6-4 (Groundball, 6, EV 85.6 MPH)
Top of the 9th over - 0 runs, 1 hit, 0 errors, 2 left on base; Lancaster 3 - Stockton 5
Saturday, April 13th , 2024 - OOTP Baseball 24.11 Build 85